 Dungeon Crawl Stone Soup version 0.23-a0-4-g8f018a2 (webtiles) character file.

9972 Kuinu the Arsonist (level 11, 0/74 HPs)
             Began as a Pale Draconian Fire Elementalist on July 31, 2018.
             Was a Priest of Vehumet.
             Slain by Snorg (9 damage)
             ... on level 10 of the Dungeon.
             The game lasted 00:56:07 (17741 turns).

Kuinu the Arsonist (DrFE)                          Turns: 17741, Time: 00:56:08

Health: 0/74       AC:  9    Str: 16    XL:     11   Next: 30%
Magic:  22/22      EV: 12    Int: 20    God:    Vehumet [***...]
Gold:   601        SH:  0    Dex: 11    Spells: 9/25 levels left

rFire    + + +     SeeInvis .   N - +4 falchion of Hepliaklqana {vamp, rF++ rC+ Str+6}
rCold    . . .     Gourm    .   (no shield)
rNeg     . . .     Faith    .   (armour unavailable)
rPois    .         Spirit   .   (helmet restricted)
rElec    .         Reflect  .   S - +0 cloak
rCorr    .         Harm     .   v - +0 pair of gloves
MR       .....                  (no boots)
Stlth    +++.......             l - amulet of rage
HPRegen  0.22/turn              O - ring of stealth
MPRegen  0.18/turn              y - ring of fire

@: flying
A: breathe steam, unfitting armour, cold-blooded, AC +7
a: Breathe Steam, Renounce Religion, Evoke Berserk Rage


You were on level 10 of the Dungeon.
You worshipped Vehumet.
Vehumet was most pleased with you.
You were hungry.

You visited 2 branches of the dungeon, and saw 12 of its levels.

You collected 601 gold pieces.

Inventory:

Hand Weapons
 e - a +0 spear
 s - a +0 mace of venom
 w - a +1 short sword of venom
 z - a +1 halberd
 C - a +0 trident
 F - a +4 long sword
 J - a +3 halberd
 N - the +4 falchion of Hepliaklqana (weapon) {vamp, rF++ rC+ Str+6}
   (You found it on level 7 of the Dungeon)

   It inflicts no extra harm, but heals its wielder when it wounds a living foe.
   It affects your strength (+6).
   It greatly protects you from fire.
   It protects you from cold.
 Q - the +1 long sword of the Unkillable {flame, *Contam Int+5}
   (You found it on level 10 of the Dungeon)

   It has been specially enchanted to burn those struck by it, causing extra
   injury to most foes and up to half again as much damage against particularly
   susceptible opponents.
   Big, fiery blades are also staple armaments of hydra-hunters.
   It affects your intelligence (+5).
   It causes magical contamination when unequipped.
Armour
 v - a +0 pair of gloves (worn)
 S - a +0 cloak (worn)
Jewellery
 k - a +2 ring of protection
 l - an amulet of rage (around neck)
 y - a ring of fire (right hand)
 G - an uncursed ring of poison resistance
 K - an uncursed ring of wizardry
 O - a ring of stealth (left hand)
 P - an uncursed ring of positive energy {unknown}
Wands
 p - a wand of iceblast (12)
 A - a wand of random effects (16)
 H - a wand of paralysis (22)
 R - a wand of acid (6)
 T - a wand of flame (35)
Scrolls
 a - 3 scrolls of remove curse
 f - 5 scrolls of magic mapping
 m - a scroll of amnesia
 r - a scroll of fear {unknown}
 t - a scroll of enchant armour {unknown}
 u - a scroll of random uselessness {unknown}
 B - a scroll of brand weapon {unknown}
 I - a scroll of immolation {unknown}
 L - 2 scrolls of acquirement {unknown}
 M - a scroll of fog {unknown}
Potions
 c - 4 potions of brilliance
 d - 2 potions of mutation {unknown}
 i - 2 potions of degeneration {unknown}
 j - a potion of resistance {unknown}
 n - 2 potions of flight
 o - 2 potions of heal wounds
 q - a potion of agility {unknown}
 x - a potion of cancellation {unknown}
 D - 2 potions of lignification
 E - 3 potions of berserk rage
Comestibles
 b - 18 rations


   Skills:
 - Level 1.7 Dodging
 - Level 1.7 Stealth
 + Level 7.6 Spellcasting
 * Level 11.2 Conjurations
 * Level 12.4 Fire Magic


You had 9 spell levels left.
You knew the following spells:

 Your Spells              Type           Power        Failure   Level  Hunger
a - Flame Tongue          Conj/Fire      #####        1%          1    None
b - Throw Flame           Conj/Fire      ######       1%          2    None
c - Conjure Flame         Conj/Fire      ######..     1%          3    None
d - Sticky Flame          Conj/Fire      ######..     1%          4    ###....
e - Fireball              Conj/Fire      ######....   1%          5    #####..
f - Magic Dart            Conj           ####         1%          1    None

Your spell library contained the following spells:

 Spells                   Type           Power        Failure   Level  Hunger
 Inner Flame              Hex/Fire       #####...     1%          3    None


Dungeon Overview and Level Annotations

Branches:
Dungeon (11/15)            Temple (1/1) D:5
   Lair: D:8-11         Orc: D:9-12

Altars:
Ashenzari
Cheibriados
Dithmenos
Elyvilon
Fedhas
Hepliaklqana
Kikubaaqudgha
Nemelex Xobeh
Okawaru
Qazlal
Ru
Sif Muna
Trog
Uskayaw
Vehumet
Wu Jian
Xom
Yredelemnul
Zin
The Shining One

Shops:
D:6 :   D:7 :   D:10 %

Annotations:
D:8 2 transporters, galech's ghost, novice MiFi
D:10 Snorg
D:11 Gastronok


Innate Abilities, Weirdness & Mutations

You can breathe blasts of scalding, opaque steam.
Your pale cyan-grey scales are hard. (AC +7)
You cannot fit into any form of body armour.
You are cold-blooded and may be slowed by cold attacks.


Message History

Press: ? - help, Shift-Dir - straight line, f - you
Okay, then.
Okay, then.
Unknown command.
Okay, then.
Okay, then.
Okay, then.
You are feeling hungry.
Snorg bites you! Snorg claws you but does no damage. x2
You climb upwards.
There is a stone staircase leading down here.
Okay, then.
You feel very buoyant.
You fly up into the air.
Snorg closely misses you. Snorg claws you. x2
All of the chunks of flesh in your inventory have rotted away.
Snorg goes berserk!
Snorg bites you!!
* * * LOW HITPOINT WARNING * * *
Snorg claws you!
You die...

≈≈≈≈≈#...........#≈≈≈≈≈≈≈
≈≈≈≈≈#.....>....<#≈≈≈≈≈≈≈
≈≈≈≈≈#...........#≈≈≈≈≈≈≈
≈≈≈≈≈#...........#≈≈≈≈≈≈≈
≈≈≈≈≈#...........#≈≈≈≈≈≈≈
≈≈≈≈≈#...........#≈≈≈≈≈≈≈
≈≈≈≈≈#...........#≈≈≈≈≈≈≈
≈≈≈≈≈≈≈≈≈≈≈≈≈≈≈≈T≈≈≈≈≈≈≈≈
≈≈≈≈≈≈≈≈≈≈≈≈≈≈≈≈@≈≈≈≈≈≈≈≈
≈≈≈≈≈≈≈≈≈≈≈≈≈≈≈≈≈≈≈≈≈≈≈≈≈
≈≈≈≈≈≈≈≈≈≈≈≈≈≈≈≈≈≈≈≈≈≈≈≈≈
≈≈≈≈≈≈≈≈≈≈≈≈≈≈≈≈≈≈≈≈≈≈≈≈≈
≈≈≈≈≈≈≈≈≈≈≈≈≈≈≈≈≈≈≈≈≈≈≈≈≈
≈≈≈≈≈≈≈≈≈≈≈≈≈≈≈≈≈≈≈≈≈≈≈≈≈
≈≈≈≈≈≈≈≈≈≈≈≈≈≈≈≈≈≈≈≈≈≈≈≈≈
###############


You could see Snorg (berserk).

Vanquished Creatures
  A hydra (D:8)
  An unseen horror (D:11)
  2 ugly things
  A centaur zombie (D:9)
  Maurice (D:9)
  2 dream sheep (D:8)
  3 hippogriffs
  8 yaks
  2 hungry ghosts
  A water moccasin (D:9)
  3 orc warriors
  2 sky beasts
  6 ogres
  3 phantoms
  3 centaurs
  3 big kobolds (D:8)
  2 bullfrogs
  A scorpion (D:11)
  14 killer bees
  14 wights
  5 crimson imps
  A bullfrog zombie (D:11)
  7 hounds
  4 jellies
  8 orc priests
  A bullfrog skeleton (D:11)
  3 centaur skeletons
  6 orc wizards
  3 iguanas
  4 worker ants
  Robin (D:3)
  9 adders
  8 gnolls
  A howler monkey skeleton (D:9)
  5 shadow imps
  A white imp (D:4)
  3 oozes
  4 adder skeletons
  4 worms
  A dart slug (D:1)
  6 leopard geckos
  43 orcs
  8 bats
  5 giant cockroaches
  16 goblins
  13 hobgoblins
  12 jackals
  5 kobolds
  4 quokkas
  2 ball pythons (D:4)
  5 frilled lizards
  2 goblin skeletons (D:4)
  4 hobgoblin zombies (D:4)
  3 kobold zombies (D:4)
  A leopard gecko zombie (D:8)
  An orc skeleton (D:4)
  An orc zombie (D:4)
  A quokka zombie (D:8)
  7 rats
291 creatures vanquished.

Vanquished Creatures (others)
  A fire vortex (D:4)
1 creature vanquished.

Grand Total: 292 creatures vanquished

Notes
Turn   | Place    | Note
-------+----------+-------------------------------------------
     0 | D:1      | Kuinu the Draconian Fire Elementalist began the quest for the Orb.
     0 | D:1      | Reached XP level 1. HP: 14/14 MP: 3/3
   253 | D:1      | Found a shattered altar of Ashenzari.
   262 | D:1      | Reached XP level 2. HP: 20/20 MP: 1/5
   266 | D:1      | Learned a level 2 spell: Throw Flame
   841 | D:1      | Reached XP level 3. HP: 26/26 MP: 3/6
  1722 | D:2      | Reached XP level 4. HP: 25/33 MP: 0/7
  1733 | D:2      | Reached skill level 4 in Fire Magic
  2409 | D:2      | Learned a level 3 spell: Conjure Flame
  2698 | D:3      | Reached XP level 5. HP: 38/38 MP: 3/9
  4140 | D:3      | Found an ornate altar of the Wu Jian Council.
  4140 | D:3      | Noticed Robin
  4438 | D:3      | Killed Robin
  4569 | D:3      | Found a shimmering altar of Xom.
  4569 | D:3      | Found a glowing silver altar of Zin.
  4572 | D:3      | Found a shimmering altar of Xom.
  4572 | D:3      | Found a shimmering altar of Xom.
  4572 | D:3      | Found an iron altar of Okawaru.
  4782 | D:3      | Learned a level 4 spell: Sticky Flame
  5116 | D:4      | Reached XP level 6. HP: 32/45 MP: 4/10
  5334 | D:4      | Found a glowing golden altar of the Shining One.
  5691 | D:4      | Found a stormy altar of Qazlal.
  6070 | D:4      | Reached skill level 5 in Fire Magic
  6773 | D:5      | Entered Level 5 of the Dungeon
  6821 | D:5      | Noticed a hand axe
  6821 | D:5      | Noticed a dagger
  6822 | D:5      | Found a hide-covered altar of Uskayaw.
  7700 | D:5      | Your scales start taking on a pale cyan-grey colour.
  7700 | D:5      | Reached skill level 6 in Fire Magic
  7700 | D:5      | Reached XP level 7. HP: 48/50 MP: 3/12
  8113 | D:5      | Reached skill level 5 in Conjurations
  8636 | D:5      | Reached skill level 7 in Fire Magic
  8642 | D:5      | Reached XP level 8. HP: 34/57 MP: 0/14
  8649 | D:5      | Found a staircase to the Ecumenical Temple.
  8674 | Temple   | Entered the Ecumenical Temple
  8739 | Temple   | Became a worshipper of Vehumet
  8944 | D:5      | Found a blossoming altar of Fedhas.
  9197 | D:5      | HP: 2/57 [phantom (7)]
  9990 | D:5      | Reached skill level 8 in Fire Magic
 10452 | D:6      | Learned a level 5 spell: Fireball
 10834 | D:6      | Found Zitwidgh's Book Shoppe.
 11383 | D:7      | Reached skill level 5 in Spellcasting
 11947 | D:7      | Noticed a hippogriff
 11957 | D:7      | Killed a hippogriff
 11957 | D:7      | Reached XP level 9. HP: 52/62 MP: 6/16
 11961 | D:7      | Reached skill level 9 in Fire Magic
 12527 | D:7      | Found Suwom's Book Shoppe.
 12542 | D:7      | Got a polished falchion
 12543 | D:7      | Identified the +4 falchion of Hepliaklqana {vamp, rF++ rC+ Str+6} (You found it on level 7 of the Dungeon)
 12577 | D:7      | Reached * piety under Vehumet
 12577 | D:7      | Offered knowledge of Magic Dart by Vehumet.
 12646 | D:7      | Learned a level 1 spell: Magic Dart
 13388 | D:8      | You fall through a shaft for 2 floors!
 13388 | D:10     | Entered Level 10 of the Dungeon
 13439 | D:10     | Got a polished long sword
 13573 | D:10     | Identified the +1 long sword of the Unkillable {flame, *Contam Int+5} (You found it on level 10 of the Dungeon)
 13666 | D:9      | Noticed Maurice
 13681 | D:9      | Noticed a brown ugly thing
 13965 | D:9      | Reached skill level 10 in Fire Magic
 13993 | D:9      | Killed a brown ugly thing
 14248 | D:9      | Offered knowledge of Sandblast by Vehumet.
 14250 | D:9      | Reached ** piety under Vehumet
 14259 | D:9      | Reached XP level 10. HP: 66/69 MP: 5/19
 14354 | D:9      | Found a deep blue altar of Sif Muna.
 14425 | D:9      | Killed Maurice
 14748 | D:9      | Found a shimmering altar of Xom.
 14808 | D:9      | Reached skill level 11 in Fire Magic
 15145 | D:9      | Reached skill level 10 in Conjurations
 15405 | D:8      | Found a transporter.
 15406 | D:8      | Noticed galech's ghost (novice MiFi)
 15407 | D:8      | Found a transporter.
 15410 | D:8      | Noticed a two-headed ogre
 15579 | D:8      | Offered knowledge of Dazzling Spray by Vehumet.
 15685 | D:8      | Noticed a three-headed hydra
 15689 | D:8      | Killed a three-headed hydra
 15888 | D:8      | Found a snail-covered altar of Cheibriados.
 16221 | D:10     | Found Oxicoce's Food Emporium.
 16240 | D:10     | Reached XP level 11. HP: 74/74 MP: 16/21
 16507 | D:11     | Noticed Gastronok
 16509 | D:11     | Reached *** piety under Vehumet
 16509 | D:11     | Reached skill level 12 in Fire Magic
 16513 | D:11     | Noticed Snorg
 17155 | D:11     | Noticed a purple ugly thing
 17195 | D:11     | Noticed a cyan ugly thing
 17200 | D:11     | Killed a cyan ugly thing
 17336 | D:11     | Noticed an unseen horror
 17342 | D:11     | Killed an unseen horror
 17515 | D:11     | Offered knowledge of Ignite Poison by Vehumet.
 17741 | D:10     | Slain by Snorg

Vault maps used:
D:1:      sevenhm_arrival_forest_fort_large_4, ashenzari_altar_1
D:3:      doesnt_xom_only_xom, uniq_robin
D:4:      grunt_qazlal_clouds, first_ration, nicolae_tso_besieged_by_evil
D:5:      dancing_weapons_uskayaw, fedhas_altar_4,
          minmay_temple_entry_statues_fountains, minmay_misc_feat_cross
D:6:      serial_shops, shop_statue
D:7:      serial_shops, kennysheep_mini_moat
D:8:      cheibrodos_worm_habitat, gammafunk_ghost_smash, hangedman_ranch
D:9:      nicolae_overflow_hidden_temple, led_sif_pool, enter_bailey_3,
          eino_small_chamber_without_monster, lemuel_flamethrower_1,
          uniq_maurice
D:10:     serial_shops, nicolae_shop_window_shopping
D:11:     lair_entry_dummy, orc_0_dummy, uniq_gastronok, uniq_snorg,
          uniq_josephine
Temple:   eino_temple_scatter_basement

Skill      XL: |  1  2  3  4  5  6  7  8  9 10 11 |
---------------+----------------------------------+-----
Conjurations   | 2 3 4 5 7 9 10 11 | 11.2
Fire Magic     | 4 6 7 8 10 11 12 | 12.4
Spellcasting   | 3 4 5 6 7 |  7.6
Dodging        | |  1.7
Stealth        | |  1.7

Action                   |  1- 3 |  4- 6 |  7- 9 | 10-12 || total
-------------------------+-------+-------+-------+-------++-------
Melee: Club              |     9 |       |       |       ||     9
       Unarmed           |     2 |       |       |       ||     2
       Spear             |    26 |    33 |       |       ||    59
       Tailslap          |     3 |     6 |    14 |     5 ||    28
       Mace              |       |    24 |       |       ||    24
       Short sword       |       |     9 |    56 |       ||    65
       Halberd           |       |       |    34 |       ||    34
       Long sword        |       |       |    15 |       ||    15
       Falchion          |       |       |    35 |    49 ||    84
 Cast: Flame Tongue      |    48 |   182 |   195 |   110 ||   535
       Throw Flame       |     1 |       |     1 |       ||     2
       Sticky Flame      |       |     4 |    31 |    29 ||    64
       Conjure Flame     |       |     1 |    10 |     6 ||    17
       Fireball          |       |       |     3 |     9 ||    12
       Magic Dart        |       |       |       |    10 ||    10
 Abil: Breathe Steam     |       |       |     2 |     3 ||     5
Evoke: Wand              |       |       |       |     1 ||     1
  Use: Scroll            |       |     7 |     7 |     4 ||    18
       Potion            |       |       |     4 |     3 ||     7
 Stab: Distracted        |     1 |       |       |       ||     1
  Eat: Chunk             |     3 |    18 |    20 |    11 ||    52
       Ration            |       |     1 |     3 |     2 ||     6
Armor: Skin              |    12 |    50 |    65 |    48 ||   175
Dodge: Dodged            |    41 |    64 |   157 |    57 ||   319
       Rpst.: Long sword |       |       |     4 |       ||     4
       Falchion          |       |       |     8 |    19 ||    27

Table legend:
 A = Spawn XP
 B = Non-spawn XP
 C = Spawn XP percentage of total XP
 D = Spawn monster count
 E = Non-spawn monster count
 F = Spawn count percentage of total count
 G = Total turns spent on level
                    A         B        C        D         E        F      G
               +---------+---------+-------+---------+---------+-------+---------
         Total |       0 |   14247 |   0.0 |       0 |     291 |   0.0 | 17741
               +---------+---------+-------+---------+---------+-------+---------
           D:1 |       0 |      74 |   0.0 |       0 |      25 |   0.0 |  1553
           D:2 |       0 |      83 |   0.0 |       0 |      16 |   0.0 |  1307
           D:3 |       0 |     172 |   0.0 |       0 |      39 |   0.0 |  2406
           D:4 |       0 |     266 |   0.0 |       0 |      40 |   0.0 |  2361
           D:5 |       0 |    1118 |   0.0 |       0 |      30 |   0.0 |  2450
           D:6 |       0 |     615 |   0.0 |       0 |      20 |   0.0 |  1142
           D:7 |       0 |    1235 |   0.0 |       0 |      18 |   0.0 |  1664
           D:8 |       0 |    2553 |   0.0 |       0 |      18 |   0.0 |  1361
           D:9 |       0 |    4523 |   0.0 |       0 |      51 |   0.0 |  1349
          D:10 |       0 |     372 |   0.0 |       0 |       8 |   0.0 |  1279
          D:11 |       0 |    3236 |   0.0 |       0 |      26 |   0.0 |   785
               +---------+---------+-------+---------+---------+-------+---------
